 Dungeon Crawl Stone Soup version 0.18-a0-846-g91b95b1 (webtiles) character file.

317600 Kolbur the Spry (level 21, -41/143 (147) HPs)
             Began as a Kobold Berserker on Dec 19, 2015.
             Was a High Priest of Makhleb.
             Killed from afar by a frost giant (48 damage)
             ... with a bolt of cold
             ... on level 5 of the Vaults on Dec 20, 2015.
             The game lasted 07:12:09 (16937 turns).

Kolbur the Spry (Kobold Berserker)                 Turns: 16937, Time: 07:12:09

HP:   -41/143 (147) AC: 25    Str: 18    XL:     21   Next: 93%
MP:   0/39          EV: 32    Int: 10    God:    Makhleb [*****.]
Gold: 273           SH:  2    Dex: 21    Spells: 8 memorised, 11 levels left

rFire  + . .     SeeInvis .     a - +9 lajatang (vamp)
rCold  . . .     Gourm    .     v - +4 ring mail {rF+}
rNeg   + . .     Faith    .     (shield currently unavailable)
rPois  +         Spirit   +     u - +2 hat
rElec  .         Dismiss  .     (no cloak)
rCorr  .         Reflect  .     A - +2 pair of gloves {Str+3}
SustAt .         Harm     .     O - +0 pair of boots of Kian {rPois rN+ MR+ Str-2}
MR     +++..     Rnd*Rage +     M - amulet "Tammad" {Spirit Fragile MP+9 Int+4}
Stlth  +++++++...               p - +5 ring of protection
                                m - ring of protection from magic

@: singing (expiring), very slightly contaminated, studying Summonings, repel
missiles, extremely resistant to hostile enchantments, extremely stealthy
A: horns 1, repulsion field 1, large bone plates 1, berserk 1, carnivore 3,
deterioration 1, robust 1, weak 1, MP-powered wands
a: Minor Destruction, Lesser Servant of Makhleb, Major Destruction, Greater
Servant of Makhleb, Renounce Religion, Stop Singing
}: 3/15 runes: serpentine, barnacled, slimy


You were on level 5 of the Vaults.
You worshipped Makhleb.
Makhleb was extremely pleased with you.
You were full.

You visited 8 branches of the dungeon, and saw 45 of its levels.
You also visited: Ossuary, Bailey and Ice Cave.

You collected 2770 gold pieces.
You spent 2497 gold pieces at shops.

Inventory:

Hand Weapons
 a - a +9 vampiric lajatang (weapon)
 b - a +8 dagger of draining
 s - a +3 blowgun
 C - a +2 antimagic lajatang
Missiles
 o - 39 tomahawks of returning (quivered)
 H - 10 tomahawks of dispersal
 V - 4 throwing nets
Armour
 u - a +2 hat (worn)
 v - a +4 ring mail of fire resistance (worn)
 A - a +2 pair of gloves of strength (worn)
 B - a +4 troll leather armour
 O - the +0 pair of boots of Kian (worn) {rPois rN+ MR+ Str-2}
   (You found it on level 8 of the Lair of Beasts)

   It affects your strength (-2).
   It protects you from poison.
   It protects you from negative energy.
   It affects your resistance to hostile enchantments.
 T - the +0 pair of boots "Diurul" {rF+}
   (You bought it in a shop on level 5 of the Dungeon)

   It protects you from fire.
Rods
 g - a +1 lightning rod (12/12)
   (You found it on level 5 of the Lair of Beasts)
Jewellery
 i - an uncursed ring of ice
 m - a ring of protection from magic (left hand)
 n - an uncursed ring of positive energy
 p - a +5 ring of protection (right hand)
 t - an uncursed ring of teleportation
 M - the amulet "Tammad" (around neck) {Spirit Fragile MP+9 Int+4}
   (You found it on level 6 of the Pits of Slime)

   [amulet of guardian spirit]

   It causes incoming damage to be split between your health and magic.
   It affects your intelligence (+4).
   It affects your magic capacity (+9).
   It will be destroyed if unequipped.
 S - a +4 ring of intelligence
Wands
 q - a wand of cold (2/15)
 D - a wand of confusion (32/48)
 W - a wand of teleportation (5/9)
 X - a wand of digging (14/24)
 Z - a wand of hasting (5/9)
Scrolls
 h - a scroll of fog
 k - a scroll of magic mapping
 l - 3 scrolls of teleportation
 r - 4 scrolls of immolation
 x - 5 scrolls of recharging
 y - 10 scrolls of remove curse
 P - a scroll of blinking
 U - 3 scrolls of fear
Potions
 d - a potion of haste
 w - 3 potions of agility
 z - 2 potions of ambrosia
 F - 8 potions of curing
 J - 3 potions of cure mutation
 K - a potion of invisibility
 N - 5 potions of heal wounds
 R - 3 potions of brilliance
Books
 G - a manual of Summonings
 Y - a book of Enchantments

   Spells                             Type                      Level
   a - Cause Fear                     Hexes                        4
   b - Yara's Violent Unravelling     Hexes/Transmutation          5
   c - Silence                        Hexes/Air                    5
   d - Deflect Missiles               Charms/Air                   6
   e - Haste                          Charms                       6
   f - Discord                        Hexes                        8
Miscellaneous
 c - a piece from Xom's chessboard
 e - 2 phantom mirrors
 f - a fan of gales
 L - a sack of spiders {used: 3}
 Q - a legendary deck of wonders {drawn: 1}
Comestibles
 E - 8 meat rations
 I - 5 beef jerkies


   Skills:
 - Level 15.0 Fighting
 - Level 10.4 Short Blades
 - Level 14.0 Staves
 - Level 2.0 Throwing
 - Level 10.6 Armour
 - Level 17.2 Dodging
 - Level 17.0 Stealth
   Level 5.0 Shields
 - Level 6.0 Spellcasting
 - Level 3.1 Hexes
 + Level 6.5 Charms
 - Level 4.0 Necromancy
 + Level 5.7 Translocations
 - Level 3.1 Transmutations
 - Level 2.1 Air Magic
 - Level 4.0 Earth Magic
 - Level 13.0 Evocations


You had 11 spell levels left.
You knew the following spells:

 Your Spells              Type           Power        Failure   Level  Hunger
b - Blink                 Tloc           N/A          6%          2    ##.....
g - Passage of Golubria   Tloc           N/A          34%         4    ####...
m - Repel Missiles        Chrm/Air       ##....       12%         2    ##.....
o - Stoneskin             Trmt/Erth      ##......     12%         2    ##.....
r - Regeneration          Chrm/Necr      ##........   14%         3    ###....
w - Spectral Weapon       Hex/Chrm       ##......     17%         3    ###....
P - Passwall              Trmt/Erth      ##........   24%         3    ###....
S - Song of Slaying       Chrm           ###.....     3%          2    ##.....


Dungeon Overview and Level Annotations

Branches:
Dungeon (15/15)            Temple (1/1) D:7            Lair (8/8) D:8
 Shoals (4/4) Lair:3        Snake (4/4) Lair:5        Slime (6/6) Lair:8
    Orc (2/2) D:10            Elf (0/3) Orc:2        Vaults (5/5) D:13
  Crypt (0/3) Vaults:2
 Depths: D:15

Altars:
Cheibriados
Elyvilon
Gozag
Kikubaaqudgha
Makhleb
Nemelex Xobeh
Qazlal
Sif Muna
Trog
Vehumet
Xom
Zin
The Shining One
Beogh
Jiyva

Shops:
D:5 [   Orc:1 (([   Orc:2 =}(:!   Vaults:2 *   Vaults:4 :

Annotations:
D:4 root's ghost, amateur DsCK
D:15 Azrael


Innate Abilities, Weirdness & Mutations

You are small and have problems with some larger weapons.
You are carnivorous and can eat meat at any time.
You have a pair of small horns on your head.
You are surrounded by a mild repulsion field (EV +2).
You are partially covered in large bone plates (AC +2, SH +2).
You tend to lose your temper in combat.
Your body sometimes deteriorates upon taking damage.
You are robust (+10% HP).
You are weak. (Str -2)
You expend magic power (3 MP) to strengthen your wands.


Message History

The titan hits you!!
* * * LOW HITPOINT WARNING * * *
The yaktaur captain hits you but does no damage.
The vault warden hits you but does no damage.
A redback comes into view.
You hit the titan.
You feel better.
You headbutt the titan, but do no damage.
The titan is almost dead.
The frost giant hits you with a battleaxe of freezing!!
* * * LOW HITPOINT WARNING * * *
The frost giant freezes you.
* * * LOW HITPOINT WARNING * * *
The ironbrand convoker casts a spell at the yaktaur captain.
The yaktaur captain seems to grow stronger.
The deep elf mage mumbles some strange words.
The deep elf mage blinks!
The frost giant casts a spell at you.
The bolt of cold hits the frost giant.
The frost giant resists.
The bolt of cold hits you!
You die...

,** **,#(#D#.#c#,,,,*,,*,,*,,**
,,** **,,,#...#..#,,,,*,,*,,*,,,,
,*,***,*,**#.#.#.#,,,,*,,*,,*,,,,
*,,,*,,,** ##§..##,,,,*,,*,,*,,**
**,*,*,** ##.#§#:#,,,,*,,*,,*,,*,
**,,,** #./C#/(#,,,,*,,*,,*,,*,
**,*,*,** ##D#p#(#,,,,*,,*,,*,,*,
*,,,*,,,** ##cpc##,,,,*,,*,,*,,**
,*,***,*,**#.#§#@#,,,,*,,*,,,,,,,
,,** **,,,#e..#CC#,,,,*,,*,,,,,,,
,** **,#D#.#C#H#,,,,*,,*,,*****
** *** **...#eep##,,,,*,,,,,,,,,,
,***,***,#.#§#.#,*,,,,*,,,,,,,,,,
,,*,,,*,..#.N.#,,*,,,,*,,********
,*,*,*,*.#s#,#,*,*,,,,*,,,,,,,,,,
*,,,*,,,#..,*,,,,,,,,,,,,,,,,,,,,
********##******,,,,,,,,*********


You could see a shadow dragon, a titan, 2 frost giants, a sphinx, a stone giant,
2 vault wardens, 2 yaktaur captains, a salamander stormcaller, a deep elf
elementalist, a deep elf archer, an ironbrand convoker and a redback.

Vanquished Creatures
  the Royal Jelly (Slime:6)
  A golden dragon (Vaults:5)
  Jory (Vaults:3)
  2 tentacled monstrosities
  9 acid blobs
  A sphinx (Vaults:4)
  A storm dragon (Vaults:5)
  7 azure jellies
  Ilsuiw (Shoals:4)
  7 greater nagas
  4 vault wardens
  Louise (Snake:2)
  An iron dragon (Vaults:5)
  A deep elf sorcerer (Vaults:5)
  5 ironheart preservers
  A very ugly thing (Vaults:5)
  A salamander stormcaller (Vaults:4)
  A deep elf demonologist (Vaults:2)
  6 death oozes
  3 merfolk javelineers (Shoals:4)
  A fire dragon (Vaults:2)
  A deep elf death mage (Vaults:2)
  3 ettins
  4 yaktaur captains
  11 merfolk impalers
  29 vault guards
  7 great orbs of eyes
  3 catoblepae (Lair:8)
  5 naga warriors (Snake:4)
  2 ice dragons
  An anaconda (Snake:1)
  A merfolk avatar (Shoals:4)
  A hydra (Lair:5)
  3 satyrs
  4 merfolk aquamancers
  2 centaur warriors
  A dancing weapon (Vaults:5)
  20 death yaks
  5 ogre magi
  9 naga sharpshooters
  4 shock serpents
  Nergalle (Orc:2)
  An orc high priest (Orc:2)
  4 deep elf knights
  Sonja (Orc:2)
  A flayed ghost (Vaults:3)
  4 swamp dragons (Lair:7)
  3 ironbrand convokers (Vaults:2)
  2 giant orange brains
  2 salamander mystics (Snake:4)
  2 deep elf archers
  5 sea snakes
  7 harpies
  6 orc knights
  10 naga ritualists
  4 hill giants
  2 phantasmal warriors
  A lindwurm (shapeshifter) (Vaults:2)
  2 wolf spider zombies
  9 orc sorcerers
  5 griffons
  2 cyclopes
  A necromancer (IceCv)
  A wizard (D:15)
  3 fauns (Shoals:1)
  3 ugly things
  5 deep elf magi
  A hornet (shapeshifter) (Vaults:3)
  A manticore (Shoals:4)
  A moth of wrath (D:15)
  2 water nymphs
  A wolf spider (Vaults:3)
  6 mana vipers
  A hornet (Vaults:3)
  7 salamanders
  5 shining eyes
  20 elephants
  2 eyes of devastation
  9 sirens
  A centaur skeleton (D:15)
  4 ice statues
  20 black mambas
  9 spiny frogs
  9 guardian serpents
  10 naga magi
  2 ice devils (IceCv)
  24 yaktaurs
  3 fire drakes
  4 komodo dragons
  An efreet (D:13)
  4 trolls
  20 merfolk
  45 slime creatures
  4 polar bears
  A freezing wraith (Vaults:2)
  A queen bee (Lair:2)
  3 wind drakes (Shoals:4)
  8 two-headed ogres
  3 boulder beetles
  7 snapping turtles
  A trapdoor spider zombie (D:11)
  11 blink frogs
  2 water elementals (Shoals:4)
  A redback (Vaults:2)
  A spriggan (shapeshifter) (Vaults:2)
  5 vampire mosquitoes
  A basilisk (Lair:8)
  A hog (shapeshifter) (Vaults:4)
  6 golden eyes (Slime:1)
  2 hungry ghosts
  A human (D:7)
  9 wargs
  36 yaks
  2 swamp worms (Lair:7)
  15 wolves
  A steam dragon (D:11)
  31 nagas
  A hell hound (D:15)
  3 hippogriffs
  3 porcupines
  4 water moccasins
  A swamp drake (Orc:2)
  6 ice beasts
  11 orc warriors
  3 sky beasts
  2 black bears
  2 eyes of draining (Slime:4)
  9 boggarts
  26 ogres
  7 crocodiles
  3 centaurs
  6 giant frogs
  2 elf zombies (Ossuary)
  5 scorpions
  A wyvern skeleton (D:10)
  15 wights
  2 crimson imps
  28 killer bees
  7 orc priests
  4 hounds
  3 iguanas
  2 centaur zombies
  A quasit (D:7)
  14 jellies
  A gnoll shaman (Orc:2)
  18 orc wizards
  4 worker ants
  A big kobold zombie (Ossuary)
  26 sheep
  A hound zombie (D:11)
  5 mummies
  A worker ant zombie (D:10)
  5 adders
  8 gnolls
  35 river rats
  3 shadow imps
  15 white imps
  An adder skeleton (D:4)
  A worm (D:3)
  3 giant geckos
  47 orcs
  A gnoll zombie (Ossuary)
  4 goblins
  2 hobgoblins
  12 jackals
  2 quokkas (D:8)
  4 bats (D:3)
  2 giant newts
  2 goblin zombies (Ossuary)
  2 hobgoblin zombies (Ossuary)
  A jackal skeleton (D:8)
  2 jackal zombies (Ossuary)
  12 kobolds
  2 kobold zombies (Ossuary)
  A quokka skeleton (D:4)
  2 rats (D:3)
  A fungus (D:8)
  A plant (Vaults:2)
1023 creatures vanquished.

Vanquished Creatures (collateral kills)
  A vault warden (Vaults:2)
  A merfolk impaler (Shoals:2)
  2 naga warriors (Snake:4)
  An ogre mage (Vaults:2)
  A centaur warrior (Vaults:2)
  An anaconda (Snake:4)
  4 merfolk aquamancers (Shoals:2)
  A shock serpent (Snake:4)
  2 sea snakes
  2 water nymphs
  A deep elf mage (Orc:2)
  A cyclops (Shoals:2)
  A shining eye (Slime:3)
  A mana viper (Snake:4)
  A black mamba (Snake:4)
  2 sirens (Shoals:4)
  6 merfolk
  A two-headed ogre (D:15)
  A slime creature (Slime:3)
  A shadow (D:15)
  3 hippogriffs
  3 nagas (Snake:4)
  3 centaurs (D:15)
  A crimson imp (Orc:2)
  A jelly (Slime:3)
  An iron imp (Orc:2)
  A shadow imp (Orc:2)
  8 orcs (Orc:2)
53 creatures vanquished.

Vanquished Creatures (others)
  A deep elf knight (Vaults:3)
  A harpy (Shoals:4)
  A shining eye (Vaults:5)
  An orc sorcerer (Orc:2)
  A yaktaur (Vaults:3)
  A shadow (D:14)
  An orc warrior (Orc:2)
  5 orc wizards (Orc:2)
  4 orcs (Orc:2)
  A ball python (D:5)
  2 fungi (Lair:8)
  4 plants
  5 spectral weapons (Vaults:4)
28 creatures vanquished.

Grand Total: 1104 creatures vanquished

Notes
Turn   | Place    | Note
--------------------------------------------------------------
     0 | D:1      | Kolbur the Kobold Berserker began the quest for the Orb.
     0 | D:1      | Reached XP level 1. HP: 14/14 MP: 1/1
    38 | D:2      | Reached skill level 1 in Stealth
   256 | D:4      | Noticed root's ghost (amateur DsCK)
   283 | D:3      | Reached XP level 2. HP: 17/19 MP: 2/2
   459 | D:2      | Reached XP level 3. HP: 20/23 MP: 3/3
   853 | D:3      | Found a faded altar to an unknown god.
   900 | D:4      | Reached skill level 5 in Stealth
   900 | D:4      | Reached XP level 4. HP: 23/28 MP: 4/4
  1003 | D:5      | Entered Level 5 of the Dungeon
  1019 | D:4      | Reached ** piety under Trog
  1096 | D:4      | Found a snail-covered altar of Cheibriados.
  1104 | D:4      | Noticed an ogre
  1112 | D:4      | Killed an ogre
  1112 | D:4      | Reached skill level 5 in Short Blades
  1112 | D:4      | Reached skill level 6 in Stealth
  1112 | D:4      | Reached XP level 5. HP: 32/32 MP: 5/5
  1265 | D:4      | You fall through a shaft!
  1265 | D:5      | Found Yficykiu's Armour Boutique.
  1413 | D:6      | Reached skill level 7 in Stealth
  1413 | D:6      | Reached XP level 6. HP: 37/37 MP: 6/6
  1419 | D:6      | Found a stormy altar of Qazlal.
  1492 | D:5      | Found a radiant altar of Vehumet.
  1568 | D:6      | Reached XP level 7. HP: 41/41 MP: 7/7
  1580 | D:6      | Found a sand-covered staircase.
  1594 | Ossuary  | Entered an ossuary
  1636 | Ossuary  | Reached skill level 8 in Stealth
  2060 | D:5      | Bought the cursed +0 pair of boots "Diurul" {rF+} for 232 gold pieces
  2110 | D:7      | Found a staircase to the Ecumenical Temple.
  2170 | D:7      | Noticed a human
  2180 | D:7      | Killed a human
  2180 | D:7      | Reached skill level 9 in Stealth
  2180 | D:7      | Reached XP level 8. HP: 30/48 MP: 8/8
  2254 | D:8      | Reached skill level 10 in Stealth
  2346 | D:9      | Reached skill level 1 in Throwing
  2420 | D:8      | Found a staircase to the Lair.
  2438 | D:9      | Found an ancient bone altar of Kikubaaqudgha.
  2502 | D:10     | Entered Level 10 of the Dungeon
  2551 | D:10     | Noticed a deep elf mage
  2571 | D:10     | Killed a deep elf mage
  2571 | D:10     | Reached skill level 11 in Stealth
  2571 | D:10     | Reached XP level 9. HP: 18/52 MP: 9/9
  2689 | D:11     | Reached skill level 5 in Dodging
  2767 | D:11     | Reached skill level 12 in Stealth
  2790 | D:11     | Noticed a hill giant
  2818 | D:12     | Noticed a hill giant
  2835 | D:12     | Killed a hill giant
  2874 | D:12     | Got a translucent ring mail
  2885 | D:12     | Identified the +1 ring mail of Vehumet's Castigation {rElec rPois} (You found it on level 12 of the Dungeon)
  3020 | D:12     | Noticed a centaur zombie
  3025 | D:12     | Killed a centaur zombie
  3025 | D:12     | Reached skill level 5 in Fighting
  3025 | D:12     | Reached XP level 10. HP: 56/59 MP: 10/10
  3039 | D:12     | Noticed a hill giant
  3076 | D:12     | Reached skill level 10 in Short Blades
  3089 | D:12     | Reached skill level 13 in Stealth
  3094 | D:12     | Reached *** piety under Trog
  3109 | D:12     | Killed a hill giant
  3135 | D:12     | Gained mutation: You expend magic power (3 MP) to strengthen your wands. [potion of mutation]
  3135 | D:12     | Gained mutation: You are robust (+10% HP). [potion of mutation]
  3135 | D:12     | Gained mutation: You are partially covered in large bone plates (AC +2, SH +2). [potion of mutation]
  3347 | D:13     | Noticed a cyclops
  3376 | D:13     | Killed a cyclops
  3461 | D:13     | Reached XP level 11. HP: 32/72 MP: 13/13
  3472 | D:13     | Noticed a centaur warrior
  3876 | D:14     | Noticed a centaur warrior
  3878 | D:14     | Noticed a shock serpent
  3878 | D:14     | a centaur warrior changed into a shock serpent
  3889 | D:14     | Killed a shock serpent
  3889 | D:14     | Reached skill level 14 in Stealth
  3889 | D:14     | Reached skill level 5 in Evocations
  3933 | D:14     | Found a flagged portal.
  3938 | D:14     | Noticed a six-headed hydra
  3940 | Bailey   | Entered a bailey
  3949 | Bailey   | Noticed an orc warlord
  4086 | Bailey   | Noticed an orc knight
  4103 | Bailey   | Noticed a giant orange brain
  4103 | Bailey   | an orc knight changed into a giant orange brain
  4136 | Bailey   | Killed a giant orange brain
  4233 | Bailey   | Found a runed gate.
  4235 | Bailey   | Found a runed gate.
  4237 | Bailey   | Found a runed gate.
  4394 | Bailey   | Gained mutation: You are surrounded by a mild repulsion field (EV +2). [potion of beneficial mutation]
  4395 | Bailey   | Reached skill level 10 in Dodging
  4395 | Bailey   | Reached skill level 15 in Stealth
  4395 | Bailey   | Reached XP level 12. HP: 62/82 MP: 15/18
  4410 | D:14     | Noticed a centaur warrior
  4467 | D:15     | Entered Level 15 of the Dungeon
  4482 | D:15     | Reached **** piety under Trog
  4484 | D:15     | Noticed a sun demon
  4546 | D:15     | Received a gift from Trog
  4607 | D:15     | Noticed Azrael
  4714 | D:15     | Reached skill level 16 in Stealth
  4777 | D:15     | Noticed a centaur warrior
  4791 | D:15     | Killed a centaur warrior
  5334 | D:13     | Reached skill level 1 in Shields
  5334 | D:13     | Reached XP level 13. HP: 88/88 MP: 19/19
  5811 | D:10     | Found a staircase to the Orcish Mines.
  5842 | D:10     | Reached skill level 5 in Shields
  5872 | Orc:1    | Entered Level 1 of the Orcish Mines
  6092 | Orc:1    | Reached ***** piety under Trog
  6108 | Orc:1    | Found Fukkim's Weapon Shoppe.
  6113 | Orc:1    | Found Onwuurcho's Antique Armour Shoppe.
  6134 | Orc:2    | Entered Level 2 of the Orcish Mines
  6161 | Orc:1    | Found Siveuq's Antique Weapon Shoppe.
  6178 | Orc:1    | Bought a faintly glowing quarterstaff for 234 gold pieces
  6194 | Orc:1    | Identified the +6 quarterstaff "Leuzxac" {freeze, +Fly} (You bought it in a shop on level 1 of the Orcish Mines)
  6288 | Orc:1    | Reached skill level 1 in Staves
  6320 | Orc:2    | Found Ingiengi's Jewellery Emporium.
  6540 | Orc:2    | Received a gift from Trog
  6788 | Orc:2    | Found a bloodstained altar of Trog.
  6799 | Orc:2    | Found a staircase to the Elven Halls.
  6969 | Orc:2    | Found Guqaanon's Gadget Shoppe.
  6978 | Orc:2    | Reached skill level 5 in Staves
  7028 | Orc:2    | Found an ancient bone altar of Kikubaaqudgha.
  7029 | Orc:2    | Noticed Nergalle
  7064 | Orc:2    | Killed Nergalle
  7128 | Orc:2    | Found Pappamos's Antique Weapon Shoppe.
  7134 | Orc:2    | Noticed Sonja
  7136 | Orc:2    | Killed Sonja
  7180 | Orc:2    | Reached XP level 14. HP: 95/95 MP: 20/20
  7199 | Orc:2    | Found a radiant altar of Vehumet.
  7241 | Orc:2    | Found Vaufimiq's Book Shoppe.
  7241 | Orc:2    | Found a roughly hewn altar of Beogh.
  7294 | Orc:2    | Found Owaycweng's Distillery.
  7342 | Orc:2    | Bought a glowing lajatang for 540 gold pieces
  7416 | Orc:2    | Bought an uncursed amulet of resist corrosion for 320 gold pieces
  7591 | Lair:1   | Entered Level 1 of the Lair of Beasts
  8134 | Lair:3   | Found a staircase to the Shoals.
  8297 | Lair:5   | Reached skill level 10 in Staves
  8433 | Lair:5   | Reached ****** piety under Trog
  8453 | Lair:5   | Received a gift from Trog
  8771 | Lair:6   | Found a frozen archway.
  8802 | IceCv    | Entered an ice cave
  9075 | Lair:6   | Reached XP level 15. HP: 93/101 MP: 21/21
  9102 | Lair:8   | Entered Level 8 of the Lair of Beasts
  9372 | Lair:8   | Received a gift from Trog
  9512 | Lair:8   | Got a pair of faintly humming boots
  9523 | Lair:8   | Identified the +0 pair of boots of Kian {rPois rN+ MR+ Str-2} (You found it on level 8 of the Lair of Beasts)
  9773 | Lair:8   | Reached skill level 10 in Fighting
  9905 | Lair:7   | Received a gift from Trog
 10117 | Lair:5   | Found a staircase to the Snake Pit.
 10152 | Lair:5   | Reached XP level 16. HP: 107/107 MP: 23/23
 10177 | Snake:1  | Entered Level 1 of the Snake Pit
 10242 | Snake:2  | Noticed Louise
 10260 | Snake:2  | Killed Louise
 10347 | Snake:2  | Reached skill level 10 in Evocations
 10354 | Snake:2  | Reached skill level 17 in Stealth
 10413 | Snake:4  | Entered Level 4 of the Snake Pit
 10530 | Snake:4  | Received a gift from Trog
 10566 | Snake:4  | Reached skill level 5 in Armour
 10871 | Snake:4  | Received a gift from Trog
 11064 | Snake:3  | Reached XP level 17. HP: 80/116 MP: 24/24
 11389 | Snake:4  | Received a gift from Trog
 11404 | Snake:4  | Got a serpentine rune of Zot
 11646 | Shoals:1 | Entered Level 1 of the Shoals
 11924 | Shoals:4 | Entered Level 4 of the Shoals
 11942 | Shoals:4 | Noticed Ilsuiw
 12039 | Shoals:4 | Received a gift from Trog
 12060 | Shoals:3 | Reached skill level 15 in Dodging
 12251 | Shoals:4 | Received a gift from Trog
 12446 | Shoals:4 | Reached XP level 18. HP: 127/127 MP: 25/25
 12556 | Shoals:4 | Got a brightly glowing lead ring
 12558 | Shoals:4 | Identified the ring "Wuw Ajump" {Int+2 Stlth-} (You found it on level 4 of the Shoals)
 12664 | Shoals:4 | Gained mutation: You have a pair of small horns on your head. [potion of beneficial mutation]
 12776 | Shoals:4 | Killed Ilsuiw
 12899 | Shoals:4 | Got a barnacled rune of Zot
 13014 | Shoals:2 | Received a gift from Trog
 13266 | Lair:8   | Reached XP level 19. HP: 98/134 MP: 28/28
 13284 | Lair:8   | Found a viscous altar of Jiyva.
 13288 | Lair:8   | Found a staircase to the Slime Pits.
 13300 | Slime:1  | Entered Level 1 of the Pits of Slime
 13384 | Slime:1  | Received a gift from Trog
 13486 | Slime:4  | Gained mutation: You tend to lose your temper in combat. [a shining eye]
 13491 | Slime:4  | Reached skill level 15 in Fighting
 13617 | Slime:5  | Gained mutation: You are weak. (Str -2) [a shining eye]
 13619 | Slime:5  | Gained mutation: Your body sometimes deteriorates upon taking damage. [a shining eye]
 13630 | Slime:6  | Entered Level 6 of the Pits of Slime
 13692 | Slime:6  | Reached XP level 20. HP: 93/139 MP: 29/29
 13731 | Slime:6  | Noticed the Royal Jelly
 13748 | Slime:6  | Found a viscous altar of Jiyva.
 13754 | Slime:6  | Killed the Royal Jelly
 13793 | Slime:6  | Reached skill level 10 in Armour
 13884 | Slime:6  | Got a pitted chain mail
 13889 | Slime:6  | Got a bound jade amulet
 13890 | Slime:6  | Identified a scroll of acquirement
 13891 | Slime:6  | Identified the +1 chain mail "Mechumn" {+Fly rPois Dex+2 Slay-5} (You found it on level 6 of the Pits of Slime)
 13917 | Slime:6  | Got a brightly glowing quarterstaff
 13922 | Slime:6  | Identified the amulet "Tammad" {Spirit Fragile MP+9 Int+4} (You found it on level 6 of the Pits of Slime)
 13937 | Slime:6  | Identified the +5 quarterstaff "Noluivoj" {crush, rC++ MR-} (You found it on level 6 of the Pits of Slime)
 13990 | Slime:6  | Got a slimy rune of Zot
 14239 | Lair:3   | Upgraded the game from 0.18-a0-844-g9229740 to 0.18-a0-846-g91b95b1
 14243 | Lair:3   | Fell from the grace of Trog
 14248 | Lair:3   | Learned a level 3 spell: Regeneration
 14252 | Lair:3   | Learned a level 3 spell: Passwall
 14261 | Lair:3   | Learned a level 3 spell: Spectral Weapon
 14266 | Lair:3   | Learned a level 2 spell: Stoneskin
 14269 | Lair:3   | Learned a level 2 spell: Song of Slaying
 14385 | Lair:2   | Reached skill level 1 in Spellcasting
 14491 | Lair:1   | Learned a level 2 spell: Blink
 14494 | Lair:1   | Learned a level 2 spell: Repel Missiles
 14504 | Lair:1   | Learned a level 4 spell: Passage of Golubria
 14576 | Temple   | Entered the Ecumenical Temple
 14580 | Temple   | Became a worshipper of Makhleb the Destroyer
 14674 | Orc:1    | Bought a distressingly furry scale mail for 243 gold pieces
 14686 | Orc:1    | Identified the +0 scale mail of Yredelemnul's Hope {rC+ SInv Stlth+} (You bought it in a shop on level 1 of the Orcish Mines)
 14758 | Orc:2    | Bought a potion of heal wounds for 55 gold pieces
 14758 | Orc:2    | Bought 2 potions of heal wounds for 110 gold pieces
 14758 | Orc:2    | Bought a potion of agility for 44 gold pieces
 14758 | Orc:2    | Bought a potion of agility for 44 gold pieces
 14758 | Orc:2    | Bought a potion of invisibility for 88 gold pieces
 14758 | Orc:2    | Bought a potion of heal wounds for 55 gold pieces
 14758 | Orc:2    | Bought a potion of curing for 33 gold pieces
 14758 | Orc:2    | Bought a potion of curing for 33 gold pieces
 14758 | Orc:2    | Bought a potion of curing for 33 gold pieces
 14758 | Orc:2    | Bought a potion of curing for 33 gold pieces
 14797 | Orc:2    | Bought an uncursed ring of protection from magic for 400 gold pieces
 14912 | D:13     | Reached skill level 1 in Translocations
 15020 | D:13     | Reached * piety under Makhleb
 15044 | D:13     | Found a gate to the Vaults.
 15098 | Vaults:1 | Entered Level 1 of the Vaults
 15104 | Vaults:1 | Reached skill level 1 in Air Magic
 15127 | Vaults:2 | Reached skill level 1 in Charms
 15224 | Vaults:2 | Noticed a lich
 15288 | Vaults:2 | Reached ** piety under Makhleb
 15298 | Vaults:2 | Reached skill level 1 in Necromancy
 15538 | Vaults:3 | Noticed Jory
 15585 | Vaults:3 | Killed Jory
 15691 | Vaults:4 | Reached *** piety under Makhleb
 15767 | Vaults:4 | Reached XP level 21. HP: 143/143 MP: 27/30
 15818 | Vaults:4 | Found Cafuox's Book Boutique.
 16015 | Vaults:2 | Found Osey's Assorted Antiques.
 16061 | Vaults:2 | Reached skill level 1 in Hexes
 16101 | Vaults:2 | Reached **** piety under Makhleb
 16125 | Vaults:2 | Reached skill level 5 in Spellcasting
 16139 | Vaults:2 | Reached skill level 1 in Transmutations
 16155 | Vaults:2 | Reached skill level 1 in Earth Magic
 16368 | Vaults:5 | Entered Level 5 of the Vaults
 16413 | Vaults:4 | Reached skill level 5 in Charms
 16426 | Vaults:5 | Noticed a golden dragon
 16524 | Vaults:5 | Noticed a golden dragon
 16539 | Vaults:4 | Reached ***** piety under Makhleb
 16865 | Vaults:5 | Killed a golden dragon
 16865 | Vaults:5 | Reached skill level 5 in Translocations
 16937 | Vaults:5 | HP: 7/143 [frost giant/battleaxe of freezing (3)]
 16937 | Vaults:5 | Killed from afar by a frost giant

Vault maps used:
D:1:      dpeg_arrival_simpleton_b, nemelex_altar_shiori
D:2:      kennysheep_the_goblin_king, kennysheep_generic_room_7
D:3:      ecumenical_altar_2
D:4:      cheibriados_altar_1, okawaru_altar_gauntlet_db, serial_glass,
          glass_columns_b, glass_columns_c, glass_columns_a, glass_columns_a,
          glass_columns_a, first_bread, uniq_grinder, uniq_robin
D:5:      fiery_altar_vehumet, serial_shops, shop
D:6:      nicolae_overflow_hidden_temple, enter_ossuary_5
D:7:      temple_pool_b, grunt_livestock
D:8:      kennysheep_mini_moat, lemuel_mausoleum_altar_yredelemnul,
          dpeg_oklobed_lair
D:9:      lemuel_round_altar, kiku_gazebo_garden_becter, serial_undead,
          serial_undead_c, serial_undead_a, serial_undead_d, serial_undead_e,
          minmay_orc_keep
D:10:     orc_0_dummy
D:13:     minmay_curly_fans, erik_vaults_2
D:14:     minmay_misc_feat_plants, enter_bailey_2
D:15:     grunt_enter_depths_magical_seal, uniq_azrael
Temple:   nicolae_temple_x_marks_the_god
Lair:1:   infiniplex_staircase_pool, grunt_megastairs_1
Lair:2:   special_room, serial_bayou_ford_a, bh_autumn_forest_stairs
Lair:3:   elwin_shoals_entry_stream, serial_bayou_shore_a, uniq_gastronok
Lair:5:   dummy_snake_entry, lemuel_fruit_tree
Lair:6:   portal_ice_cave_entry_imps, grunt_megastairs_5
Lair:7:   onia_ninara_swampy_vault
Lair:8:   evilmike_catoblepas_cave, slime_altar_1, ice2_lemuel
Shoals:2: serial_shops, shop, nicolae_shoals_aquamancer_cove
Shoals:4: shoals_end_grunt_ice, shoals_ilsuiw_ice
Snake:1:  st_stairs_11, guppyfry_library_mini
Snake:2:  basic_altar, st_stairs_8, basic_loot_grate_trap, uniq_louise
Snake:3:  spider_trap
Snake:4:  johnstein_snake_rune_scales, nicolae_snake_squiggles
Slime:2:  special_room, nicolae_slime_phagocytosis
Orc:1:    serial_shops, shop, shop, shop, mines5_lemuel
Orc:2:    kennysheep_orc_mage_school, basic_altar, serial_shops, shop,
          hangedman_minor_magic, uniq_sonja
Vaults:1: vaults_dpeg_spiral, hangedman_vaults_impose,
          hangedman_vaults_river_flow, nicolae_vaults_angled_halls,
          vaults_room_guarded_vault, v_misc_2, nicolae_vaults_rhombus_5
Vaults:2: nicolae_vaults_theta, ontoclasm_vaults_spin,
          minmay_crypt_entry_skeletal_spiral, vaults_room_pool,
          hangedman_vaults_locks, st_eye, hangedman_vaults_stagger,
          nicolae_vaults_shelves_hall, nicolae_vaults_mini_display_case,
          v_misc_10, nicolae_vaults_yaktaur_gun_rack, serial_shops,
          nicolae_shop_overgrown_old_shop
Vaults:3: vaults_dpeg_diagonal, v_misc_9, v_misc_30, v_misc_16,
          vaults_mumra_hexcomb, vaults_room_stairs_pillars,
          nicolae_vaults_little_squares_4, uniq_jory
Vaults:4: hangedman_vaults_stream, vaults_room_pool, v_pattern_4, v_rooms_5,
          nicolae_vaults_windows_and_doors_thing, grunt_vaults_diagonal,
          nicolae_vaults_little_squares_4, v_misc_12, ontoclasm_vaults_eye,
          v_misc_13, serial_shops, nicolae_shop_competitors_out_of_business,
          uniq_frederick
Vaults:5: serial_shops, uniq_mennas
Ossuary:  ossuary_minmay_tomb_2a
Bailey:   bailey_axe_bossmonster_kennysheep, bailey
IceCv:    ice_cave_tombish

Action                   |  1- 3 |  4- 6 |  7- 9 | 10-12 | 13-15 | 16-18 | 19-21 || total
-------------------------+-------+-------+-------+-------+-------+-------+-------++-------
Melee: Short sword       |    34 |       |       |       |       |       |       ||    34
       Dagger            |    33 |    67 |   237 |   553 |   664 |    16 |     3 ||  1573
       Rapier            |       |       |       |     9 |       |       |       ||     9
       Lajatang          |       |       |       |       |   860 |  1182 |  1198 ||  3240
Throw: Stone             |     2 |       |     8 |       |       |       |       ||    10
       Tomahawk          |       |       |     1 |     5 |     6 |     4 |     2 ||    18
 Cast: Song of Slaying   |       |       |       |       |       |       |    14 ||    14
       Repel Missiles    |       |       |       |       |       |       |     5 ||     5
       Regeneration      |       |       |       |       |       |       |     5 ||     5
       Spectral Weapon   |       |       |       |       |       |       |     5 ||     5
       Blink             |       |       |       |       |       |       |     4 ||     4
       Stoneskin         |       |       |       |       |       |       |     3 ||     3
Invok: Berserk           |     3 |     2 |     8 |    14 |    25 |    14 |     5 ||    71
       Trog's Hand       |       |       |     3 |     3 |     6 |     8 |     5 ||    25
       Burn Spellbooks   |       |       |       |     1 |       |       |       ||     1
       Brothers in Arms  |       |       |       |       |     1 |     8 |     3 ||    12
       Renounce Religion |       |       |       |       |       |       |     1 ||     1
 Abil: Evoke Teleportati |       |       |       |     2 |    15 |    23 |    42 ||    82
Evoke: Wand              |       |       |     4 |     8 |     2 |     3 |     6 ||    23
       Sack of spiders   |       |       |     1 |     2 |       |       |       ||     3
       Fan of gales      |       |       |       |     1 |       |       |     2 ||     3
       Rod               |       |       |       |       |     3 |       |       ||     3
       Deck              |       |       |       |       |       |       |     1 ||     1
  Use: Potion            |     3 |       |     1 |     6 |       |     9 |     8 ||    27
       Scroll            |     2 |     1 |     7 |     8 |    20 |     9 |    15 ||    62
 Stab: Sleeping          |     4 |     5 |    14 |     6 |    39 |     7 |    24 ||    99
       Distracted        |       |       |       |     1 |     5 |     1 |     3 ||    10
       Confused          |       |       |       |       |     3 |       |       ||     3
       Petrified         |       |       |       |       |     4 |       |       ||     4
       Petrifying        |       |       |       |       |     2 |       |       ||     2
       Invisible         |       |       |       |       |       |     4 |       ||     4
  Eat: Chunk             |     3 |     8 |    20 |    16 |    62 |    57 |    28 ||   194
       Beef jerky        |       |       |     1 |       |       |       |       ||     1
       Royal jelly       |       |       |       |       |     5 |     2 |     8 ||    15
       Pizza             |       |       |       |       |       |       |     7 ||     7
       Meat ration       |       |       |       |       |       |       |     1 ||     1

Vault maps used:
D:1:      dpeg_arrival_simpleton_b, nemelex_altar_shiori
D:2:      kennysheep_the_goblin_king, kennysheep_generic_room_7
D:3:      ecumenical_altar_2
D:4:      cheibriados_altar_1, okawaru_altar_gauntlet_db, serial_glass,
          glass_columns_b, glass_columns_c, glass_columns_a, glass_columns_a,
          glass_columns_a, first_bread, uniq_grinder, uniq_robin
D:5:      fiery_altar_vehumet, serial_shops, shop
D:6:      nicolae_overflow_hidden_temple, enter_ossuary_5
D:7:      temple_pool_b, grunt_livestock
D:8:      kennysheep_mini_moat, lemuel_mausoleum_altar_yredelemnul,
          dpeg_oklobed_lair
D:9:      lemuel_round_altar, kiku_gazebo_garden_becter, serial_undead,
          serial_undead_c, serial_undead_a, serial_undead_d, serial_undead_e,
          minmay_orc_keep
D:10:     orc_0_dummy
D:13:     minmay_curly_fans, erik_vaults_2
D:14:     minmay_misc_feat_plants, enter_bailey_2
D:15:     grunt_enter_depths_magical_seal, uniq_azrael
Temple:   nicolae_temple_x_marks_the_god
Lair:1:   infiniplex_staircase_pool, grunt_megastairs_1
Lair:2:   special_room, serial_bayou_ford_a, bh_autumn_forest_stairs
Lair:3:   elwin_shoals_entry_stream, serial_bayou_shore_a, uniq_gastronok
Lair:5:   dummy_snake_entry, lemuel_fruit_tree
Lair:6:   portal_ice_cave_entry_imps, grunt_megastairs_5
Lair:7:   onia_ninara_swampy_vault
Lair:8:   evilmike_catoblepas_cave, slime_altar_1, ice2_lemuel
Shoals:2: serial_shops, shop, nicolae_shoals_aquamancer_cove
Shoals:4: shoals_end_grunt_ice, shoals_ilsuiw_ice
Snake:1:  st_stairs_11, guppyfry_library_mini
Snake:2:  basic_altar, st_stairs_8, basic_loot_grate_trap, uniq_louise
Snake:3:  spider_trap
Snake:4:  johnstein_snake_rune_scales, nicolae_snake_squiggles
Slime:2:  special_room, nicolae_slime_phagocytosis
Orc:1:    serial_shops, shop, shop, shop, mines5_lemuel
Orc:2:    kennysheep_orc_mage_school, basic_altar, serial_shops, shop,
          hangedman_minor_magic, uniq_sonja
Vaults:1: vaults_dpeg_spiral, hangedman_vaults_impose,
          hangedman_vaults_river_flow, nicolae_vaults_angled_halls,
          vaults_room_guarded_vault, v_misc_2, nicolae_vaults_rhombus_5
Vaults:2: nicolae_vaults_theta, ontoclasm_vaults_spin,
          minmay_crypt_entry_skeletal_spiral, vaults_room_pool,
          hangedman_vaults_locks, st_eye, hangedman_vaults_stagger,
          nicolae_vaults_shelves_hall, nicolae_vaults_mini_display_case,
          v_misc_10, nicolae_vaults_yaktaur_gun_rack, serial_shops,
          nicolae_shop_overgrown_old_shop
Vaults:3: vaults_dpeg_diagonal, v_misc_9, v_misc_30, v_misc_16,
          vaults_mumra_hexcomb, vaults_room_stairs_pillars,
          nicolae_vaults_little_squares_4, uniq_jory
Vaults:4: hangedman_vaults_stream, vaults_room_pool, v_pattern_4, v_rooms_5,
          nicolae_vaults_windows_and_doors_thing, grunt_vaults_diagonal,
          nicolae_vaults_little_squares_4, v_misc_12, ontoclasm_vaults_eye,
          v_misc_13, serial_shops, nicolae_shop_competitors_out_of_business,
          uniq_frederick
Vaults:5: serial_shops, uniq_mennas
Ossuary:  ossuary_minmay_tomb_2a
Bailey:   bailey_axe_bossmonster_kennysheep, bailey
IceCv:    ice_cave_tombish

Table legend:
 A = Turns spent in this place as a percentage of turns spent in the entire game.
 B = Non-inter-level travel turns spent in this place as a percentage of non-inter-level travel turns spent in the entire game.
 C = Inter-level travel turns spent in this place as a percentage of turns spent in this place.
 D = Turns resting spent in this place as a percentage of non-inter-level travel turns spent in this place.
 E = Turns spent auto-exploring this place as a percentage of non-inter-level travel turns spent in this place.
 F = Non-inter-level travel turns spent in this place divided by the number of levels of this place that you've seen.
                   A       B       C       D       E      F
               +-------+-------+-------+-------+-------+----------------------
         Total | 100.0 | 100.0 |   0.2 |   0.3 |   0.0 | 362.1
       Dungeon |  30.5 |  30.5 |   0.2 |   0.1 |   0.0 | 353.4
        Temple |   0.1 |   0.1 |   0.0 |   0.0 |   0.0 |  12.0
          Lair |  19.2 |  19.2 |   0.2 |   0.1 |   0.0 | 417.5
        Shoals |   8.5 |   8.5 |   0.1 |   0.5 |   0.0 | 370.2
     Snake Pit |   8.8 |   8.8 |   0.0 |   1.1 |   0.0 | 381.5
    Slime Pits |   5.3 |   5.3 |   0.0 |   0.4 |   0.0 | 152.8
  Orcish Mines |  10.3 |  10.3 |   0.4 |   0.1 |   0.0 | 892.5
        Vaults |  11.5 |  11.5 |   0.1 |   0.2 |   0.0 | 399.0
       Ossuary |   1.9 |   1.9 |   0.0 |   0.0 |   0.0 | 328.0
        Bailey |   2.8 |   2.8 |   0.0 |   0.4 |   0.0 | 488.0
      Ice Cave |   1.2 |   1.2 |   0.0 |   0.0 |   0.0 | 210.0
               +-------+-------+-------+-------+-------+----------------------
